cohdb
Replays
Latest Replays
All Replays
Popular Replays
Top Player Replays
Match Explorer
How It Works
Community
CoH3 Stats
Reddit
Sign in to upload your games and track your stats! →
Sign in with Steam
Match 45889628
Unlisted
Match 45889628
Overview
Messages
Build Orders
End
Selects Special Operations Battlegroup
Selects M29 Weasel Recon Vehicle
M29 Weasel Recon Vehicle
Construct Barracks
Riflemen Squad
Riflemen Squad
Riflemen Squad
Mechanized Support Center
Construct Motor Pool
Selects Mark Vehicle
M8 Greyhound Armored Car
M1 Anti-tank Gun Team
Improvised Armor
Mark Vehicle
M8 Greyhound Armored Car
Designate Forward Repair Station
M1918 Browning Automatic Rifles
Mark Vehicle
Selects M4A1 Sherman Whizbang
Selects Raiding Flares
M4A1 Sherman Whizbang
Mark Vehicle
M4A1 Sherman Whizbang
Raiding Flares
Adult Asthma Is A Choice
MightySwift
Pupu Mr. Panda
XRayCat
0
0
Comments
sign in to comment!
No comments posted yet!